 Dungeon Crawl Stone Soup version 0.29-a0-817-g9904bce7a6 (webtiles) character file.

Game seed: 13939832378774529785

7639 PezBoy the Basher (level 11, -30/68 HPs)
             Began as a Gargoyle Gladiator on July 5, 2022.
             Was an Elder of Okawaru.
             Annihilated by an enormous slime creature (61 damage)
             ... on level 9 of the Dungeon.
             The game lasted 00:22:59 (11494 turns).

PezBoy the Basher (Gargoyle Gladiator)             Turns: 11494, Time: 00:23:00

Health: -30/68     AC: 28    Str: 22    XL:     11   Next: 18%
Magic:  15/15      EV: 10    Int:  9    God:    Okawaru [****..]
Gold:   421        SH:  0    Dex: 11    Spells: 10/10 levels left

rFire   . . .      SeeInvis .   B - +4 flail
rCold   + . .      Faith    .   (no shield)
rNeg    + + .      Spirit   .   y - +6 chain mail of the Solstice {rC+ rN+}
rPois   ∞          Reflect  .   c - +1 helmet
rElec   +          Harm     .   x - +0 cloak
rCorr   .          Rampage  .   (no gloves)
Will    .....                   (no boots)
Stlth   ..........              (no amulet)
HPRegen 0.21/turn               (no ring)
MPRegen 0.14/turn               (no ring)

@: no status effects
A: sickness immunity, AC +8, negative energy resistance 1, electricity
resistance, torment resistance 1, petrification resistance
a: Renounce Religion, Heroism, Finesse


You were on level 9 of the Dungeon.
You worshipped Okawaru.
Okawaru was greatly pleased with you.
You visited 2 branches of the dungeon, and saw 10 of its levels.
You also visited: Sewer.

You collected 447 gold pieces.
You spent 26 gold pieces at shops.

Inventory:

Hand Weapons
 a - a +1 scimitar of flaming
 B - a +4 flail (weapon)
Missiles
 e - 3 javelins
 f - 7 atropa-tipped darts
 k - 4 curare-tipped darts
 o - 36 poisoned darts (quivered)
Armour
 c - a +1 helmet (worn)
 x - a +0 cloak (worn)
 y - the +6 chain mail of the Solstice (worn) {rC+ rN+}
   (You acquired it on level 7 of the Dungeon)

   rC:        It protects you from cold.
   rN:        It protects you from negative energy.
Jewellery
 u - a ring of protection from cold
Wands
 b - a wand of light (11)
 d - a wand of polymorph (7)
 v - a wand of mindburst (10)
 A - a wand of digging (8)
Scrolls
 n - 3 scrolls of fog
 p - a scroll of enchant armour
 q - 4 scrolls of teleportation
 w - a scroll of blinking
 C - a scroll of identify
Potions
 g - a potion of curing
 h - 2 potions of heal wounds
 i - 2 potions of invisibility {unknown}
 j - 2 potions of might {unknown}
 l - 2 potions of degeneration {unknown}
 m - 2 potions of magic {unknown}
 r - a potion of lignification {unknown}
 s - a potion of attraction {unknown}
 t - a potion of haste {unknown}
 z - 2 potions of ambrosia


   Skills:
 + Level 8.1 Fighting
 * Level 10.6 Maces & Flails
 - Level 1.7 Throwing
 + Level 7.7 Armour
 + Level 6.4 Dodging
 + Level 6.2 Invocations


You had 10 spell levels left.
You didn't know any spells.
Your spell library contained the following spells:

 Spells                   Type           Power      Damage    Failure   Level
 Slow                     Hex            0%         N/A       95%         1
 Sting                    Tmut/Pois      0%         1d3       95%         1
 Ensorcelled Hibernation  Hex/Ice        0%         N/A       99%         2
 Poisonous Vapours        Pois/Air       0%         N/A       99%         2
 Confusing Touch          Hex            0%         N/A       100%        3
 Inner Flame              Hex/Fire       0%         N/A       100%        3
 Spider Form              Tmut/Pois      0%         N/A       100%        3
 Vampiric Draining        Necr           0%         2d6       100%        3
 Anguish                  Hex/Necr       0%         N/A       100%        4
 Cause Fear               Hex            0%         N/A       100%        4
 Fulminant Prism          Conj/Hex       0%         3d6       100%        4
 Iskenderun's Mystic Bla  Conj/Tloc      0%         2d3       100%        4
 Olgreb's Toxic Radiance  Pois           0%         N/A       100%        4
 Lee's Rapid Deconstruct  Erth           0%         3d5*      100%        5
 Discord                  Hex            0%         N/A       100%        8


Dungeon Overview and Level Annotations

Branches:
Dungeon (9/15)             Temple (1/1) D:4            Lair (0/6) D:8
  Sewer (visited)
    Orc: D:9-12

Altars:
Cheibriados
Dithmenos
Nemelex Xobeh
Okawaru
Ru
Vehumet
Xom
Yredelemnul
Zin

Shops:
D:2 *


Innate Abilities, Weirdness & Mutations

You are immune to sickness and miasma.
Your stone body is resilient. (AC +8)
You are immune to poison.
You resist negative energy. (rN+)
You are resistant to electric shocks. (rElec)
You are resistant to unholy torment.
You are immune to petrification.


Message History

You barely miss the very large slime creature.
The very large slime creature is lightly wounded.
You sock the very large slime creature!
The very large slime creature is moderately wounded.
You bludgeon the very large slime creature!!
The very large slime creature is moderately wounded.
The very large slime creature hits you but does no damage.
You hit the very large slime creature.
The very large slime creature is moderately wounded.
The very large slime creature hits you.
You sock the very large slime creature!
The very large slime creature is heavily wounded.
Two slime creatures merge to form an enormous slime creature.
You thump the enormous slime creature!
The enormous slime creature is moderately wounded.
You bludgeon the enormous slime creature!!
The enormous slime creature is heavily wounded.
The enormous slime creature hits you!!
You hit the enormous slime creature.
The enormous slime creature is heavily wounded.
The enormous slime creature hits you but does no damage.
You sock the enormous slime creature!
The enormous slime creature is heavily wounded.
The enormous slime creature hits you!
You sock the enormous slime creature!
The enormous slime creature is heavily wounded.
You hit the enormous slime creature.
The enormous slime creature is heavily wounded.
The enormous slime creature completely misses you.
You sock the enormous slime creature!
The enormous slime creature is severely wounded.
The enormous slime creature hits you but does no damage.
You barely miss the enormous slime creature.
The enormous slime creature is severely wounded.
The enormous slime creature hits you but does no damage.
You hit the enormous slime creature.
The enormous slime creature is severely wounded.
The enormous slime creature hits you!!!
Ouch! That really hurt!
You die...

#.#
######...#.#
#.###
##.##.#
##...#### #.
#.#
#.......# #.
#.#
#.##.##.#
#.# #.
#.##.##..
#.#
#.##.......#
#.#........#
###
#.#@###.##.#
#.. #.#J# .#
.###.. #.# #
....... #.#
#.###.. #.#
#...... ...
.. #.####.
..# #. #.#
### ..# #.
#.###..
.###.##...


You could see an enormous slime creature.

Vanquished Creatures
  Erica (D:8)
  2 two-headed ogres (D:9)
  The ghost of gobodom the Fighter, a novice GnWn (D:4)
  A troll (D:8)
  3 yaks (D:9)
  Menkaure (D:6)
  4 water moccasins
  3 black bears
  2 sky beasts
  3 ice beasts
  3 ogres
  2 centaurs (D:9)
  2 phantoms
  4 kobold brigands
  6 bullfrogs
  2 scorpions
  14 wights
  12 killer bees
  5 howler monkeys
  5 hounds
  2 gnoll boudas
  2 orc priests (D:7)
  3 jellies
  An iguana (D:4)
  7 orc wizards
  A mummy (D:9)
  8 gnolls
  7 adders
  4 white imps
  5 worms
  2 dart slugs (D:3)
  18 orcs
  9 ball pythons
  5 endoplasms
  8 giant cockroaches
  7 hobgoblins
  3 jackals (D:5)
  2 quokkas
  17 bats
  A frilled lizard (Sewer)
  13 goblins
  25 kobolds
  8 rats
234 creatures vanquished.

Vanquished Creatures (others)
  5 plants
5 creatures vanquished.

Grand Total: 239 creatures vanquished

Notes
Turn   | Place    | Note
-------+----------+-------------------------------------------
     0 | D:1      | PezBoy the Gargoyle Gladiator began the quest for the Orb.
     0 | D:1      | Reached XP level 1. HP: 12/12 MP: 1/1
   280 | D:1      | Reached XP level 2. HP: 17/18 MP: 2/2
   503 | D:1      | Reached skill level 1 in Armour
   574 | D:1      | Reached XP level 3. HP: 22/22 MP: 3/3
   805 | D:2      | Found a faded altar of an unknown god.
   924 | D:2      | Found Festien's General Store.
  1730 | D:2      | Bought 5 poisoned darts for 26 gold pieces
  1758 | D:3      | Found a glowing drain.
  1778 | D:3      | Reached XP level 4. HP: 20/27 MP: 4/4
  1806 | D:3      | Reached skill level 4 in Maces & Flails
  1901 | Sewer    | Entered a sewer
  2223 | Sewer    | Noticed a kobold brigand
  2223 | Sewer    | Noticed a kobold brigand
  2319 | Sewer    | Killed a kobold brigand
  2320 | Sewer    | Reached XP level 5. HP: 22/32 MP: 5/5
  2324 | Sewer    | Killed a kobold brigand
  2325 | Sewer    | Reached XP level 6. HP: 23/37 MP: 6/6
  2560 | Sewer    | Reached skill level 5 in Maces & Flails
  2889 | D:3      | Found a shadowy altar of Dithmenos.
  3021 | D:3      | Identified the +4 ring mail "Leas" {rCorr Dex+4}
  3548 | D:4      | Reached XP level 7. HP: 26/43 MP: 7/7
  3994 | D:4      | Found a runed translucent door.
  3995 | D:4      | Noticed gobodom's ghost (novice GnWn)
  4013 | D:4      | Killed gobodom's ghost
  4014 | D:4      | Reached skill level 6 in Maces & Flails
  4014 | D:4      | Reached XP level 8. HP: 47/48 MP: 8/8
  4016 | D:4      | Found a staircase to the Ecumenical Temple.
  4082 | Temple   | Entered the Ecumenical Temple
  4096 | Temple   | Became a worshipper of Warmaster Okawaru
  4274 | D:4      | Reached skill level 5 in Fighting
  4325 | D:4      | Identified the +7 dagger of the Eleven Brambles {pain,
                  | Str+3}
  4477 | D:5      | Entered Level 5 of the Dungeon
  4708 | D:5      | Reached skill level 1 in Invocations
  5135 | D:5      | Reached skill level 7 in Maces & Flails
  5623 | D:6      | Reached skill level 5 in Armour
  5724 | D:6      | Reached * piety under Okawaru
  5769 | D:6      | Reached XP level 9. HP: 36/54 MP: 10/10
  6114 | D:6      | Noticed Menkaure
  6128 | D:6      | Killed Menkaure
  7214 | D:7      | Reached skill level 8 in Maces & Flails
  7214 | D:7      | Reached skill level 5 in Dodging
  7568 | D:7      | Reached ** piety under Okawaru
  7946 | D:7      | Identified a scroll of acquirement
  7946 | D:7      | Acquired the +6 chain mail of the Solstice {rC+ rN+}
  8521 | D:8      | Reached XP level 10. HP: 35/61 MP: 11/13
  8528 | D:8      | Reached skill level 9 in Maces & Flails
  9108 | D:8      | Noticed Erica
  9114 | D:8      | Killed Erica
  9114 | D:8      | Reached *** piety under Okawaru
  9115 | D:8      | Reached skill level 5 in Invocations
  9322 | D:8      | Found a staircase to the Lair.
  9894 | D:8      | Received a gift from Okawaru
 10460 | D:9      | Reached skill level 10 in Maces & Flails
 10501 | D:9      | Found a snail-covered altar of Cheibriados.
 10999 | D:9      | Noticed a two-headed ogre
 11264 | D:9      | Killed a two-headed ogre
 11264 | D:9      | Reached **** piety under Okawaru
 11265 | D:9      | Reached XP level 11. HP: 64/68 MP: 15/15
 11394 | D:9      | Noticed a two-headed ogre
 11407 | D:9      | Killed a two-headed ogre
 11494 | D:9      | Annihilated by an enormous slime creature

Illustrated notes

Levels and vault maps discovered:
D:1:      tarquinn_simple_flora_water_c, layout_rooms, serial_curves,
          eino_curves_03, eino_curves_02
D:2:      layout_loops_ring, serial_shops, nicolae_shop_stone,
          shapermc_ecumenical_altar_pompeii
D:3:      layout_basic, mainiacjoe_overflow_tiny_flanked, gup_sewer_entry_glass
D:4:      layout_rooms, minmay_temple_entry_gardened_gates,
          ebering_ghost_reflecting_pool, minmay_ruptured
D:5:      layout_layer_cave
D:6:      layout_layer_cave, minmay_ogre_servants, uniq_menkaure
D:7:      layout_rooms
D:8:      layout_loops_corners, lair_entry_dummy, kennysheep_small_circle,
          uniq_erica
D:9:      layout_loops_ring, slow_altar_2, chequers_mini_garden
Temple:   compressed_dpeg_circular_temple

Skill      XL: |  1  2  3  4  5  6  7  8  9 10 |
---------------+-------------------------------+-----
Armour         | 1 2 3 4 5 6 7 |  7.7
Fighting       | 3 4 5 6 8 |  8.1
Maces & Flails | 4 5 6 7 8 10 | 10.6
Dodging        | 3 4 5 6 |  6.4
Invocations    | 2 4 6 |  6.2
Throwing       | |  1.7

Action                   |  1- 3 |  4- 6 |  7- 9 | 10-12 || total
-------------------------+-------+-------+-------+-------++-------
Melee: Flail             |   123 |   170 |   422 |   291 ||  1006
       Punch             |       |     3 |     7 |     2 ||    12
Throw: Throwing net      |     1 |     1 |       |     3 ||     5
       Dart              |       |    12 |    15 |    13 ||    40
Invok: Heroism           |       |       |     3 |     3 ||     6
  Use: Scroll            |     3 |     6 |     5 |     2 ||    16
       Potion            |       |     1 |       |     1 ||     2
 Stab: Held in net/web   |       |       |       |     2 ||     2
Armor: Chain mail        |   127 |   161 |    49 |   189 ||   526
       Leather armour    |     1 |       |       |       ||     1
       Ring mail         |       |    21 |   184 |       ||   205
Dodge: Dodged            |    72 |   141 |   292 |   157 ||   662

Table legend: (Time is in decaauts)
 A = Elapsed time spent in this place.
 B = Non-inter-level travel time spent in this place.
 C = Inter-level travel time spent in this place.
 D = Time resting spent in this place.
 E = Time spent auto-exploring this place.
 F = Levels seen in this place.
 G = Mean time per level.
                   A        B        C        D        E       F      G
               +--------+--------+--------+--------+--------+-----+--------+
         Total |  11553 |  11275 |    278 |   1565 |   7384 |  11 | 1050.3 |
       Dungeon |  10582 |  10305 |    277 |   1348 |   6924 |   9 | 1175.8 |
        Temple |     23 |     23 |      0 |      0 |      1 |   1 |   23.0 |
         Sewer |    947 |    947 |      0 |    217 |    459 |   1 |  947.0 |
               +--------+--------+--------+--------+--------+-----+--------+

Top non-repeatable levels by time:
     D:8: 2246 daAuts
     D:6: 1931 daAuts
     D:2: 1082 daAuts
     D:4: 1007 daAuts
     D:9: 1004 daAuts
   Sewer: 947 daAuts
     D:5: 939 daAuts
     D:3: 864 daAuts
     D:7: 808 daAuts
     D:1: 698 daAuts
  Temple: 23 daAuts
